AoeStats
← 白鹿城拉车车

Fortress

507704203Analyzed
4v4 RM · 12d ago on Sep 19, 2026· 75m 53s· 8 players
Game mode
Random Map
Map size
Huge
Population
200
Speed
Normal
Resources
Standard
Victory
Conquest
Starting age
Dark Age
Ending age
Imperial Age
RankedLock teamsTeams togetherTeam positionsShared explorationLock speedFull tech treeHidden civsTurbo modeCheats
Victory
Defeat
🇨🇳 Persians · China
1603
+10
🇦🇷 Koreans · Argentina
1572
+12
🇺🇸 Spanish · United States
1462
+16
🇸🇮 Portuguese · Slovenia
1460
+16
🇹🇼 Poles · Taiwan
1530
-17
🇹🇼 Bulgarians · Taiwan
1488
-14
🇪🇸 Magyars · Spain
1461
-13
🇨🇳 Mapuche · China
1389
-10
murphykuang0205
10:34 Feudal Age
12:19 Double-Bit Axe
15:17 Castle Age
13:14 Horse Collar
16:35 Bow Saw
17:11 Scale Barding Armor
17:16 Forging
20:40 Loom
21:30 Bloodlines
26:14 Husbandry
29:28 Wheelbarrow
28:51 Town Watch
30:50 Heavy Plow
31:15 Hand Cart
34:54 Imperial Age
33:11 Chain Barding Armor
33:37 Iron Casting
32:24 Light Cavalry
34:54 Gold Mining
34:56 Hussar
36:12 Plate Barding Armor
35:54 Onager
36:03 Capped Ram
38:12 Blast Furnace
37:45 Siege Ram
38:51 Stone Mining
39:37 Stirrups
40:03 Conscription
41:05 Scale Mail Armor
42:01 Chain Mail Armor
41:45 Onager
43:01 Siege Engineers
43:46 Plate Mail Armor
43:52 Masonry
44:03 Ballistics
44:43 Chemistry
44:34 Siege Onager
45:29 Fletching
46:30 Pikeman
47:11 Squires
48:11 Halberdier
48:39 Arson
50:33 Caravan
52:46 Heavy Scorpion
65:01 Gambesons
Melquiades3959
7:28 Feudal Age
11:52 Castle Age
10:09 Horse Collar
10:28 Double-Bit Axe
12:44 Bow Saw
18:24 Loom
19:39 Wheelbarrow
20:23 Gold Mining
21:46 Hand Cart
22:12 Town Watch
22:32 Fletching
26:22 Imperial Age
23:58 Padded Archer Armor
24:45 Bodkin Arrow
25:06 Leather Archer Armor
25:38 Corvinian Army
26:33 Scale Barding Armor
27:17 Chain Barding Armor
27:13 Bracer
27:46 Parthian Tactics
27:59 Thumb Ring
28:19 Ballistics
28:28 Conscription
28:43 Elite Magyar Huszar
31:17 Chemistry
30:37 Bloodlines
30:27 Husbandry
30:49 Light Cavalry
31:35 Recurve Bow
31:01 Heavy Cavalry Archer
34:41 Ring Archer Armor
41:17 Murder Holes
47:10 Caravan
52:09 Chain Barding Armor
54:53 Plate Barding Armor
63:08 Hussar
67:20 Capped Ram
真是太離譜了
6:45 Feudal Age
7:40 Horse Collar
8:29 Loom
11:38 Castle Age
9:57 Double-Bit Axe
12:32 Bow Saw
12:26 Heavy Plow
17:19 Fletching
19:35 Town Watch
24:23 Wheelbarrow
27:48 Imperial Age
26:02 Scale Barding Armor
27:09 Bloodlines
27:56 Scale Mail Armor
28:07 Forging
29:08 Chain Mail Armor
29:42 Iron Casting
29:05 Bodkin Arrow
28:37 Light Cavalry
30:39 Plate Mail Armor
31:10 Blast Furnace
30:22 Squires
30:08 Arson
29:44 Pikeman
30:49 Bracer
31:51 Chemistry
31:48 Ballistics
35:05 Husbandry
35:27 Chain Barding Armor
36:49 Hand Cart
41:09 Padded Archer Armor
42:24 Crop Rotation
42:24 Elite Skirmisher
43:34 Thumb Ring
45:31 Hand Cart
46:13 Gold Mining
48:00 Coinage
48:36 Town Patrol
48:53 Leather Archer Armor
48:31 Capped Ram
48:47 Winged Hussar
55:40 Caravan
58:06 Lechitic Legacy
59:56 Conscription
61:43 Banking
63:09 Masonry
63:11 Siege Engineers
64:50 Fortified Wall
67:16 Szlachta Privileges
67:32 Cavalier
73:30 Treadmill Crane
白鹿城拉车车
7:27 Feudal Age
11:03 Castle Age
9:25 Double-Bit Axe
9:26 Horse Collar
14:08 Bow Saw
15:16 Wheelbarrow
19:59 Gold Mining
21:06 Heavy Plow
20:56 Loom
21:35 Hand Cart
25:32 Imperial Age
23:15 Town Watch
23:22 Fletching
23:33 Padded Archer Armor
23:50 Bodkin Arrow
24:42 Gold Shaft Mining
23:57 Stone Mining
24:23 Malon
24:55 Leather Archer Armor
25:19 Ballistics
24:41 Treadmill Crane
26:18 Butalmapu
26:37 Conscription
25:44 Elite Bolas Rider
27:07 Ring Archer Armor
27:51 Chemistry
28:50 Elite Skirmisher
30:57 Town Patrol
30:24 Elite Kona
31:20 Elite Kona
33:09 Scale Mail Armor
33:19 Forging
33:24 Siege Engineers
33:30 Masonry
34:18 Stone Shaft Mining
34:14 Crop Rotation
34:49 Iron Casting
34:29 Chain Mail Armor
35:36 Hoardings
35:35 Architecture
36:28 Blast Furnace
35:59 Plate Mail Armor
36:39 Caravan
47:37 Murder Holes
50:57 Pikeman
68:29 Halberdier
PaRappa56
6:22 Feudal Age
8:08 Loom
10:57 Castle Age
10:36 Double-Bit Axe
10:32 Horse Collar
19:26 Bloodlines
21:31 Wheelbarrow
20:42 Town Watch
21:52 Bow Saw
22:10 Heavy Plow
23:11 Gold Mining
23:11 Stone Mining
23:28 Padded Archer Armor
23:20 Fletching
27:23 Imperial Age
25:01 Husbandry
25:35 Scale Barding Armor
25:39 Light Cavalry
27:01 Forging
28:05 Chain Barding Armor
28:53 Iron Casting
28:34 Leather Archer Armor
28:36 Hussar
30:07 Plate Barding Armor
31:15 Chemistry
31:06 Ring Archer Armor
31:37 Blast Furnace
32:01 Bodkin Arrow
32:31 Ballistics
33:21 Conscription
33:27 Scale Mail Armor
33:45 Elite Conquistador
35:31 Hand Cart
35:50 Supremacy
35:33 Bracer
40:25 Caravan
40:56 Coinage
40:42 Guilds
42:59 Banking
49:16 Capped Ram
51:39 Two-Man Saw
51:07 Siege Ram
65:51 Hoardings
65:41 Murder Holes
65:36 Guard Tower
65:58 Masonry
65:34 Arrowslits
67:42 Pikeman
68:23 Squires
68:39 Chain Mail Armor
68:34 Halberdier
69:56 Plate Mail Armor
70:21 Arson
72:20 Thumb Ring
71:39 Elite Skirmisher
iAlejandrouae
8:16 Feudal Age
11:57 Castle Age
9:56 Horse Collar
10:45 Double-Bit Axe
12:18 Loom
12:18 Town Watch
13:23 Fletching
15:54 Bodkin Arrow
24:20 Wheelbarrow
30:35 Bow Saw
31:12 Heavy Plow
31:00 Loom
33:28 Gold Mining
35:08 Stone Mining
38:56 Imperial Age
38:22 Ballistics
40:37 Chemistry
39:38 Bracer
39:49 Thumb Ring
40:36 Elite War Wagon
41:42 Conscription
43:57 Heavy Rocket Cart
47:16 Siege Engineers
49:55 Scale Mail Armor
50:06 Forging
50:36 Caravan
50:57 Eupseong
51:15 Chain Mail Armor
50:28 Pikeman
51:08 Squires
51:53 Masonry
53:54 Squires
54:33 Pikeman
55:46 Plate Mail Armor
55:52 Iron Casting
55:05 Halberdier
56:21 Arson
58:56 Hand Cart
59:46 Scale Barding Armor
65:46 Man-at-Arms
65:58 Capped Ram
68:24 Guilds
69:52 Shinkichon
72:16 Hand Cart
73:53 Arrowslits
73:49 Treadmill Crane
74:06 Murder Holes
dog
7:08 Feudal Age
10:42 Castle Age
8:47 Double-Bit Axe
8:55 Horse Collar
11:53 Bow Saw
12:47 Heavy Plow
16:48 Gold Mining
18:45 Wheelbarrow
23:08 Imperial Age
20:42 Fletching
21:24 Hand Cart
20:57 Loom
21:16 Bodkin Arrow
21:21 Padded Archer Armor
21:15 Crossbowman
22:47 Thumb Ring
23:21 Ballistics
24:51 Chemistry
23:52 Bracer
23:35 Arbalester
25:27 Leather Archer Armor
26:09 Stone Mining
30:23 Guilds
30:21 Siege Engineers
29:57 Treadmill Crane
30:28 Masonry
30:41 Conscription
30:57 Ring Archer Armor
30:12 Elite Skirmisher
33:16 Stone Shaft Mining
32:08 Elite Organ Gun
33:53 Arquebus
37:52 Pikeman
38:44 Halberdier
40:34 Scale Mail Armor
41:11 Forging
42:53 Chain Mail Armor
61:07 Chain Mail Armor
62:07 Plate Mail Armor
62:49 Iron Casting
64:34 Blast Furnace
67:22 Architecture
68:15 Bombard Tower
69:59 Murder Holes
骑人机的骑士
7:10 Feudal Age
7:32 Feudal Age
11:15 Castle Age
9:26 Double-Bit Axe
9:57 Horse Collar
12:31 Bow Saw
20:18 Stone Mining
21:46 Gold Mining
23:35 Wheelbarrow
23:55 Gold Shaft Mining
23:18 Loom
23:43 Heavy Plow
27:10 Imperial Age
25:07 Forging
25:02 Scale Barding Armor
26:23 Stone Shaft Mining
26:48 Iron Casting
26:19 Scale Barding Armor
27:47 Conscription
26:48 Elite War Elephant
27:49 Hand Cart
28:18 Chain Barding Armor
28:58 Blast Furnace
28:26 Devotion
31:00 Plate Barding Armor
30:48 Caravan
33:57 Crop Rotation
39:31 Capped Ram
40:05 Town Watch
41:34 Siege Ram
48:29 Citadels
52:55 Faith
56:22 Murder Holes
57:30 Chemistry
67:33 Two-Man Saw
Connection lost

Rejoining the realm…

Still unreachable

The connection could not be restored.

Session expired

The server has moved on; the page needs a fresh start.